 Dungeon Sprint DCSS version 0.19.4-9-g45fd643 (webtiles) character file.

601 protoss039 the Fighter (level 7, 0/45 HPs)
             Began as a Gargoyle Fighter on Feb 21, 2017.
             Slain by a tyrant leech (25 damage)
             ... in the Dungeon (Sprint II: "The Violet Keep of Menkaure").
             The game lasted 00:01:25 (240 turns).

protoss039 the Fighter (Gargoyle Fighter)            Turns: 240, Time: 00:01:26

Health: 0/45       AC: 10    Str: 21    XL:     7   Next: 41%
Magic:  7/7        EV:  9    Int:  9    God:
Gold:   243        SH: 11    Dex:  9    Spells: 0 memorised, 6 levels left

rFire  . . .     SeeInvis .     a - +0 flail
rCold  . . .     Gourm    .     b - +0 scale mail
rNeg   + . .     Faith    .     c - +0 shield
rPois  ∞         Spirit   .     (no helmet)
rElec  +         Reflect  .     (no cloak)
rCorr  .         Harm     .     (no gloves)
MR     .....     NoTele   +     (no boots)
Stlth  ..........               (no amulet)
                                (no ring)
                                (no ring)

@: no status effects
A: deformed body, frail 1, negative energy resistance 1, electricity resistance,
unbreathing, petrification resistance, rot immunity, AC +4
a: no special abilities


You were in the Dungeon.
You were not hungry.

You visited 1 branch You collected 243 gold pieces.

Inventory:

Hand Weapons
 a - a +0 flail (weapon)
Armour
 b - a +0 scale mail (worn)
 c - a +0 shield (worn)
Scrolls
 k - a scroll of blinking
Potions
 g - a potion of heal wounds
 i - 2 potions of magic
Comestibles
 f - a bread ration


   Skills:
 + Level 9.6 Fighting
 + Level 7.0 Maces & Flails
 + Level 9.6 Armour
 + Level 1.0 Dodging
 + Level 9.1 Shields


You had 6 spell levels left.
You didn't know any spells.

Dungeon Overview and Level Annotations

Branches:
Dungeon (1/1)

Altars:


Innate Abilities, Weirdness & Mutations

You are resistant to torment.
Your stone body is resilient. (AC +4)
You are immune to poison.
You resist negative energy. (rN+)
You are resistant to electric shocks. (rElec)
You can survive without breathing.
You are immune to petrification.
You are immune to rotting.
Armour fits poorly on your strangely shaped body.
You are frail. (-10% HP)


Message History

Things that are here:
a necrophage corpse; a necrophage skeleton 3 electric eels come into view.
The electric eel shoots out a bolt of lightning at you!
The bolt of electricity hits you! You resist.
The electric eel moves out of view.
You block the tyrant leech's attack.
The electric eel shoots out a bolt of lightning at you!
The bolt of electricity hits you! You resist.
You hit the tyrant leech but do no damage.
The electric eel shoots out a bolt of lightning at you!
The bolt of electricity hits the electric eel.
The electric eel completely resists.
The bolt of electricity hits you! You resist.
The tyrant leech closely misses you.
The electric eel shoots out a bolt of lightning at you!
The bolt of electricity hits you! You resist.
Unknown command.
The tyrant leech bites you!!
Ouch! That really hurt!
You die...

;≈≈≈ §
#≈≈≈;;
#§§§; §'§#
§≈§ ##§##
##§#§##
#..#..# #
#.@.## # #.
##w## .##
#.##3##..$#
#+.<.3#
###.##...#
#+# .## #


You could see a tyrant leech and a neqoxec.

Vanquished Creatures
  2 neqoxecs (D)
  4 necrophages (D)
6 creatures vanquished.

Vanquished Creatures (others)
  A crocodile (D)
1 creature vanquished.

Grand Total: 7 creatures vanquished

Notes
Turn   | Place    | Note
-------+----------+-------------------------------------------
     0 | D        | protoss039 the Gargoyle Fighter began the quest for the Orb.
     0 | D        | Reached XP level 1. HP: 14/14 MP: 1/1
     1 | D        | Noticed a tyrant leech
     1 | D        | Noticed a tyrant leech
     5 | D        | Noticed a neqoxec
     8 | D        | Noticed a necrophage
     8 | D        | Noticed a necrophage
     8 | D        | Noticed a necrophage
     8 | D        | Noticed a necrophage
    10 | D        | Gained mutation: Armour fits poorly on your strangely shaped body. [a neqoxec]
    11 | D        | Gained mutation: You are frail. (-10% HP) [a neqoxec]
    17 | D        | Killed a neqoxec
    17 | D        | Reached XP level 2. HP: 16/20 MP: 2/2
    17 | D        | Reached XP level 3. HP: 20/25 MP: 3/3
    17 | D        | Reached XP level 4. HP: 22/28 MP: 4/4
    17 | D        | Reached XP level 5. HP: 26/33 MP: 5/5
    19 | D        | Killed a necrophage
    22 | D        | Killed a necrophage
    22 | D        | Reached skill level 5 in Maces & Flails
    22 | D        | Reached XP level 6. HP: 23/40 MP: 6/6
    23 | D        | Noticed a neqoxec
    32 | D        | Killed a neqoxec
    32 | D        | Reached XP level 7. HP: 11/45 MP: 7/7
    44 | D        | Reached skill level 1 in Dodging
   228 | D        | Noticed a neqoxec
   240 | D        | Slain by a tyrant leech

Skill      XL: |  1  2  3  4  5  6  7 |
---------------+----------------------+-----
Fighting       | 6 8 9 |  9.6
Maces & Flails | 4 5 6 7 |  7.0
Armour         | 6 8 9 |  9.6
Shields        | 6 7 8 9 |  9.1
Dodging        | 1 |  1.0

Action                   |  1- 3 |  4- 6 |  7- 9 || total
-------------------------+-------+-------+-------++-------
Melee: Flail             |     6 |    15 |    16 ||    37
  Use: Potion            |     3 |       |     1 ||     4
Armor: Scale mail        |     3 |    17 |     4 ||    24
Dodge: Dodged            |     3 |     9 |     6 ||    18
Block: Shield            |       |    17 |     4 ||    21
